 Dungeon Crawl Stone Soup version 0.31.0-32-g396128a36d (webtiles) character file.

Game seed: 16079629075557950352

314 hawla the Firebug (level 6, -1/32 HPs)
             Began as a Deep Elf Fire Elementalist on Apr 19, 2024.
             Succumbed to a scorpion's poison
             ... on level 4 of the Dungeon.
             The game lasted 00:04:02 (3096 turns).

hawla the Firebug (Deep Elf Fire Elementalist)      Turns: 3096, Time: 00:04:02

Health: -1/32      AC:  2    Str:  5    XL:     6   Next: 19%
Magic:  8/12       EV: 12    Int: 22    God:
Gold:   89         SH:  0    Dex: 15    Spells: 8/11 levels left

rFire   . . .        (no weapon)
rCold   . . .        (no shield)
rNeg    . . .        a - +0 robe
rPois   .            (no helmet)
rElec   .            (no cloak)
rCorr   .            (no gloves)
SInv    .            (no boots)
Will    .....        (no amulet)
Stlth   ++           (no ring)
HPRegen 0.25/turn    (no ring)
MPRegen 0.13/turn

%: no passive effects
@: lethally poisoned (-1 -> -14), hasted, very quick
A: no striking features
a: no special abilities


You were on level 4 of the Dungeon.
You visited 1 branch of the dungeon, and saw 4 of its levels.

You collected 89 gold pieces.

Inventory:

Armour
 a - a +0 robe (worn)
Jewellery
 d - an amulet of reflection
Scrolls
 c - 3 scrolls of enchant weapon {unknown}
 f - a scroll of revelation {unknown}
 i - 4 scrolls of identify {unknown}
 j - 2 scrolls of amnesia {unknown}
 k - a scroll of immolation {unknown}
 l - 2 scrolls of fear {unknown}
 m - 2 scrolls of vulnerability {unknown}
 n - a scroll of blinking {unknown}
 p - a scroll of noise {unknown}
 r - a scroll of teleportation {unknown}
 s - a scroll of poison {unknown}
Potions
 h - a potion of mutation {unknown}
 o - a potion of curing {unknown}
 q - a potion of might {unknown}


   Skills:
 - Level 2.4 Dodging
 - Level 2.4 Stealth
 - Level 3.0 Spellcasting
 - Level 1.1 Conjurations
 + Level 7.7 Fire Magic


You had 8 spell levels left.
You knew the following spells:

 Your Spells              Type           Power      Damage    Failure   Level
a - Foxfire               Conj/Fire      88%        2x1d8     1%          1
b - Scorch                Fire           74%        2d8       1%          2

Your spell library contained the following spells:

 Spells                   Type           Power      Damage    Failure   Level
 Inner Flame              Hex/Fire       20%        N/A       8%          3
 Volatile Blastmotes      Fire/Tloc      40%        2d13      8%          3
 Sting                    Conj/Alch      20%        1d4       10%         1
 Apportation              Tloc           6%         N/A       12%         1
 Necrotise                Necr           12%        1d4       12%         1
 Summon Small Mammal      Summ           12%        N/A       12%         1
 Flame Wave               Conj/Fire      22%        2d8       21%         4


Dungeon Overview and Level Annotations

Branches:
Dungeon (4/15)
 Temple: D:4-7

Altars:
Okawaru

Annotations:
D:4 1 runed translucent door


Message History

Confirm with . or Enter, or press ? or * to list all spells.
Flames lash the scorpion but do no damage.
You feel very sick. The scorpion completely misses you.
Casting: Scorch (safe; 1% risk of failure)
Confirm with . or Enter, or press ? or * to list all spells.
Flames lash the scorpion.
The scorpion is burned terribly!
The scorpion is heavily wounded.
You feel sick.
The scorpion stings you but does no damage.
Casting: Scorch (safe; 1% risk of failure)
Confirm with . or Enter, or press ? or * to list all spells.
You don't have enough magic to cast this spell.
Unknown command.
You feel sick.
You see here 3 silver javelins.
Magic courses through your body.
You feel sick. The scorpion stings you.
You are lethally poisoned!
The scorpion poisons you!
Casting: Scorch (safe; 1% risk of failure)
Confirm with . or Enter, or press ? or * to list all spells.
Flames lash the scorpion.
The scorpion is burned terribly!
The scorpion is almost dead.
You feel very sick. The scorpion stings you.
You are more poisoned.
The scorpion poisons you! The scorpion closely misses you.
Casting: Scorch (safe; 1% risk of failure)
Confirm with . or Enter, or press ? or * to list all spells.
Flames lash the scorpion.
The scorpion is burned terribly!
You kill the scorpion!
* * * LOW HITPOINT WARNING * * *
You feel very sick.
You have reached level 6!
There is a lethal amount of poison in your body!
It was a potion of cancellation.
You feel magically purged.
* * * LOW HITPOINT WARNING * * *
You feel very sick.
It was a potion of haste.
You feel yourself speed up.
You die...

#.#####...##..>..#
.................#
#.####....##.....#
#.######...## #.
##.## #. #.# #.
#.# #. #.# #@# #†#
#.....# #.#####


There were no monsters in sight!

Vanquished Creatures
  A black bear (D:4)
  A scorpion (D:4)
  2 orc wizards (D:4)
  3 adders
  A dart slug (D:3)
  A ribbon worm (D:2)
  3 orcs (D:4)
  6 endoplasms
  6 giant cockroaches
  11 goblins
  7 hobgoblins
  4 jackals (D:3)
  4 quokkas
  6 ball pythons
  5 bats
  3 frilled lizards
  6 kobolds
  4 rats
74 creatures vanquished.

Vanquished Creatures (others)
  198 foxfires
198 creatures vanquished.

Grand Total: 272 creatures vanquished

Notes
Turn   | Place    | Note
-------+----------+-------------------------------------------
     0 | D:1      | hawla the Deep Elf Fire Elementalist began the quest for
                  | the Orb.
     0 | D:1      | Reached XP level 1. HP: 10/10 MP: 6/6
   243 | D:1      | Reached skill level 4 in Fire Magic
   243 | D:1      | Reached XP level 2. HP: 15/15 MP: 1/8
   491 | D:1      | Found a faded altar of an unknown god.
   953 | D:2      | Reached XP level 3. HP: 19/19 MP: 3/9
   964 | D:2      | Learned a level 2 spell: Scorch
  1136 | D:2      | Reached skill level 5 in Fire Magic
  1566 | D:2      | Reached XP level 4. HP: 24/24 MP: 5/10
  2447 | D:3      | Found an iron altar of Okawaru.
  2729 | D:4      | Found a runed translucent gate.
  2801 | D:4      | Noticed a black bear
  2806 | D:4      | Killed a black bear
  2807 | D:4      | Reached skill level 6 in Fire Magic
  2807 | D:4      | Reached XP level 5. HP: 28/28 MP: 5/11
  2963 | D:4      | Reached skill level 7 in Fire Magic
  3095 | D:4      | Reached XP level 6. HP: 5/32 MP: 7/12
  3096 | D:4      | Succumbed to a scorpion's poison

Illustrated notes

Levels and vault maps discovered:
D:1:      wander_arrival_lonely_grave, layout_basic,
          ebering_ecumenical_altar_rust, nicolae_houndstooth_variations
D:2:      cheibrodos_helix_gallery, layout_basic
D:3:      layout_loops_ring, hellmonk_okawaru_the_only_friend_you_need
D:4:      layout_loops_ring, grunt_dithmenos_smoke, gammafunk_ghost_necromancy

Skill      XL: |  1  2  3  4  5 |
---------------+----------------+-----
Fire Magic     | 4 5 6 7 |  7.7
Dodging        | |  2.4
Stealth        | |  2.4
Spellcasting   | |  3.0
Conjurations   | |  1.1

Action                     |  1- 3 |  4- 6 || total
---------------------------+-------+-------++-------
  Melee: Unarmed           |     6 |     6 ||    12
   Cast: Foxfire           |    71 |    42 ||   113
         Scorch            |     3 |    20 ||    23
    Use: Potion            |       |     3 ||     3
 Armour: Robe              |     7 |    14 ||    21
  Dodge: Dodged            |    13 |    15 ||    28
